 Dungeon Crawl Stone Soup version 0.21.1-1-g345015f (webtiles) character file.

6932 HawkI the Basher (level 11, -2/87 HPs)
             Began as a Human Fighter on Feb 18, 2018.
             Was a Believer of Okawaru.
             Slain by an unseen horror (9 damage)
             ... on level 10 of the Dungeon.
             The game lasted 00:48:49 (14558 turns).

HawkI the Basher (Human Fighter)                   Turns: 14558, Time: 00:48:50

Health: -2/87      AC:  7    Str: 20    XL:     11   Next: 27%
Magic:  11/11      EV:  7    Int:  8    God:    Okawaru [**....]
Gold:   570        SH:  9    Dex: 15    Spells: 10/10 levels left

rFire    . . .     SeeInvis .   A - +1 mace (protect)
rCold    . . .     Gourm    .   c - +0 shield
rNeg     . . .     Faith    .   b - +0 scale mail
rPois    .         Spirit   .   (no helmet)
rElec    .         Reflect  .   (no cloak)
rCorr    .         Harm     .   (no gloves)
MR       .....                  (no boots)
Stlth    ..........             (no amulet)
HPRegen  0.24/turn              (no ring)
MPRegen  0.12/turn              (no ring)

@: no status effects
A: shaggy fur 1, strong 1
a: Heroism, Renounce Religion


You were on level 10 of the Dungeon.
You worshipped Okawaru.
Okawaru was pleased with you.
You were not hungry.

You visited 2 branches of the dungeon, and saw 11 of its levels.

You collected 570 gold pieces.

Inventory:

Hand Weapons
 a - a +0 flail
 h - a +2 hand axe of freezing
 t - a +3 hand axe
 A - a +1 mace of protection (weapon)
 E - a +0 flail
Missiles
 w - a tomahawk
 x - 4 tomahawks of returning (quivered)
 I - 7 javelins
 K - a throwing net
Armour
 b - a +0 scale mail (worn)
 c - a +0 shield (worn)
 n - a +0 scale mail of fire resistance
 q - a scarf of repulsion
 s - a +0 chain mail
 H - a +3 ring mail
Jewellery
 e - an uncursed ring of protection from magic {unknown}
 p - an uncursed ring of stealth {unknown}
 v - an uncursed ring of fire {unknown}
 C - a cursed amulet of inaccuracy {unknown}
 D - a +3 ring of strength {unknown}
 G - a +5 ring of strength {unknown}
 Q - an uncursed ring of positive energy {unknown}
 V - an uncursed ring of protection from fire {unknown}
Wands
 g - a wand of flame (40)
 J - a wand of enslavement (8)
 L - a wand of paralysis (14)
 M - a wand of digging (9)
Scrolls
 d - a scroll of magic mapping {unknown}
 i - a scroll of noise
 l - a scroll of fog {unknown}
 o - 2 scrolls of immolation
 r - a scroll of blinking {unknown}
 u - 3 scrolls of identify
 y - 3 scrolls of amnesia
 B - 2 scrolls of remove curse {unknown}
 F - 2 scrolls of enchant weapon
 U - a scroll of silence {unknown}
Potions
 k - 5 potions of degeneration
 m - 3 potions of flight
 z - 2 potions of resistance
 N - a potion of brilliance
 O - a potion of magic
 T - 2 potions of haste
Books
 P - a book of Geomancy

   Spells                             Type                      Level
   a - Sandblast                      Earth                        1
   b - Passwall                       Transmutation/Earth          2
   c - Stone Arrow                    Conjuration/Earth            3
   d - Petrify                        Transmutation/Earth          4
   e - Lee's Rapid Deconstruction     Earth                        5
 S - the Disquisition on Fiery Dislocation
   (You found it on level 9 of the Dungeon)

   Spells                             Type                      Level
   a - Flame Tongue                   Conjuration/Fire             1
   b - Throw Flame                    Conjuration/Fire             2
   c - Ignite Poison                  Fire/Transmutation/Poison    3
   d - Recall                         Summoning/Translocation      3
   e - Passage of Golubria            Translocation                4
Comestibles
 f - 12 rations


   Skills:
 + Level 8.8 Fighting
 - Level 14.0 Maces & Flails
 - Level 3.0 Armour
 - Level 3.0 Shields


You had 10 spell levels left.
You didn't know any spells.

Dungeon Overview and Level Annotations

Branches:
Dungeon (10/15)            Temple (1/1) D:5            Lair (0/6) D:9
    Orc: D:9-12

Altars:
Cheibriados
Dithmenos
Elyvilon
Fedhas
Gozag
Kikubaaqudgha
Makhleb
Nemelex Xobeh
Okawaru
Qazlal
Ru
Sif Muna
Trog
Uskayaw
Vehumet
Wu Jian
Xom
Yredelemnul
The Shining One

Shops:
D:7 (

Annotations:
D:8 Lovchig's ghost, novice DDFi
D:9 Fannar


Innate Abilities, Weirdness & Mutations

You are covered in fur. (AC +1)
Your muscles are strong. (Str +2)


Message History

Something hits you. Something hits you but does no damage.
You miss something. Something hits you but does no damage.
You sock something! Okawaru accepts your kill.
Reactivating autopickup.
You feel a bit more experienced. Something hits you.
* * * LOW HITPOINT WARNING * * *
Deactivating autopickup; reactivate with Ctrl-A.
You closely miss something. Something hits you.
* * * LOW HITPOINT WARNING * * *
Okay, then.
Something hits you.
* * * LOW HITPOINT WARNING * * *
Something hits you.
* * * LOW HITPOINT WARNING * * *
There is an open door here.
Something hits you but does no damage. Something hits you but does no damage.
Something hits you!
You die...

#...# # #####'#####
#
#.........#########
#.........+......#.
#.........######.'.
#.........# ###.
#.........# #.
#.........# #.
#.@)......# #.
#.........# #.
#.........# ##
##'########
#.......##
#######..## # ##..#
# ##.# # #'# #


There were no monsters in sight!

Vanquished Creatures
  An unseen horror (D:10)
  The ghost of Frank the Carver, a novice OpFi of Makhleb (D:6)
  Pikel (D:7)
  Joseph (D:8)
  Prince Ribbit (D:8)
  The ghost of SaintRoka the Chopper, an amateur OgGl of Makhleb (D:5)
  A wyvern (D:5)
  2 hungry ghosts
  Menkaure (D:4)
  A water moccasin (D:9)
  Duvessa (D:4)
  A sky beast (D:10)
  4 black bears
  3 orc warriors
  3 phantoms
  6 centaurs
  2 ogres
  Blork the orc (D:5)
  A big kobold (D:8)
  4 bullfrogs
  A gnoll sergeant (D:7)
  Dowan (D:4)
  6 scorpions
  2 vampire bats (D:3)
  A howler monkey (D:5)
  A bullfrog zombie (D:5)
  2 crimson imps
  2 centaur zombies
  2 jellies
  2 bullfrog skeletons
  A gnoll shaman (D:7)
  10 orc priests
  2 centaur skeletons
  2 hounds
  An iguana (D:6)
  Natasha (thrice) (D:4)
  6 orc wizards
  3 worker ants
  A hound skeleton (D:7)
  A howler monkey skeleton (D:8)
  13 gnolls
  5 adders
  7 river rats (D:6)
  A shadow imp (D:8)
  7 oozes
  An adder zombie (D:6)
  2 adder skeletons (D:4)
  2 worms
  A dart slug (D:1)
  4 leopard geckos
  35 orcs
  4 bat skeletons (D:3)
  2 bat zombies (D:3)
  3 giant cockroaches
  6 goblins
  9 hobgoblins
  5 jackals
  9 quokkas
  A ball python (D:1)
  10 bats
  A frilled lizard (D:4)
  10 kobolds
  2 quokka skeletons
  24 rats
251 creatures vanquished.

Vanquished Creatures (others)
  An orc warrior (D:6)
  A slave (D:8)
  An orc wizard (D:6)
  A hound (D:6)
  2 orcs (D:6)
6 creatures vanquished.

Grand Total: 257 creatures vanquished

Notes
Turn   | Place    | Note
-------+----------+-------------------------------------------
     0 | D:1      | HawkI the Human Fighter began the quest for the Orb.
     0 | D:1      | Reached XP level 1. HP: 18/18 MP: 1/1
   144 | D:1      | Reached XP level 2. HP: 24/24 MP: 2/2
   167 | D:1      | Reached skill level 3 in Maces & Flails
   173 | D:1      | Reached XP level 3. HP: 18/29 MP: 3/3
   849 | D:2      | Reached skill level 4 in Maces & Flails
   849 | D:2      | Reached XP level 4. HP: 35/35 MP: 4/4
  1118 | D:2      | Found a faded altar of an unknown god.
  1589 | D:3      | Found an ancient bone altar of Kikubaaqudgha.
  1603 | D:3      | Reached skill level 5 in Maces & Flails
  1603 | D:3      | Reached XP level 5. HP: 31/41 MP: 5/5
  1745 | D:3      | Reached XP level 6. HP: 46/47 MP: 6/6
  1851 | D:3      | Found a deep blue altar of Sif Muna.
  1992 | D:3      | Found an ornate altar of the Wu Jian Council.
  2049 | D:3      | Reached skill level 6 in Maces & Flails
  2227 | D:3      | Found a white marble altar of Elyvilon.
  2227 | D:3      | Found a blossoming altar of Fedhas.
  2278 | D:4      | Noticed Natasha
  2296 | D:4      | Killed Natasha
  2336 | D:4      | Noticed Dowan
  2337 | D:4      | Noticed Duvessa
  2549 | D:4      | Killed Duvessa
  2549 | D:4      | Reached XP level 7. HP: 52/52 MP: 7/7
  2557 | D:4      | Gained mutation: You are covered in fur. (AC +1) [potion of mutation]
  2557 | D:4      | Gained mutation: Your muscles are strong. (Str +2) [potion of mutation]
  2559 | D:4      | Reached skill level 7 in Maces & Flails
  2571 | D:4      | Killed Dowan
  2628 | D:4      | Noticed Natasha
  2638 | D:4      | Killed Natasha
  2648 | D:4      | Noticed Menkaure
  2702 | D:5      | Entered Level 5 of the Dungeon
  2816 | D:5      | Noticed Blork the orc
  3274 | D:4      | Reached skill level 8 in Maces & Flails
  3364 | D:4      | Noticed Natasha
  3369 | D:4      | Killed Natasha
  3377 | D:4      | Killed Menkaure
  3377 | D:4      | Reached XP level 8. HP: 41/58 MP: 8/8
  3399 | D:4      | Found a snail-covered altar of Cheibriados.
  3735 | D:5      | Killed Blork the orc
  3896 | D:5      | Reached skill level 9 in Maces & Flails
  4813 | D:5      | Noticed SaintRoka's ghost (amateur OgGl)
  4814 | D:5      | Noticed a wyvern
  4845 | D:4      | Reached skill level 10 in Maces & Flails
  5680 | D:5      | Killed a wyvern
  5814 | D:5      | Reached XP level 9. HP: 63/63 MP: 9/9
  5938 | D:5      | Killed SaintRoka's ghost
  5938 | D:5      | Reached skill level 11 in Maces & Flails
  6144 | D:5      | Found a staircase to the Ecumenical Temple.
  6184 | Temple   | Entered the Ecumenical Temple
  6434 | Temple   | Became a worshipper of Warmaster Okawaru
  6765 | D:6      | Noticed Frank's ghost (novice OpFi)
  7733 | D:7      | Found Aceus's Antique Weapon Shop.
  8081 | D:7      | Found a sacrificial altar of Ru.
  8088 | D:7      | Reached skill level 12 in Maces & Flails
  8542 | D:6      | Found a shadowy altar of Dithmenos.
  8732 | D:8      | Reached * piety under Okawaru
  9278 | D:6      | Found a bloodstained altar of Trog.
  9425 | D:7      | Reached XP level 10. HP: 65/70 MP: 8/10
  9501 | D:6      | Reached skill level 13 in Maces & Flails
  9670 | D:6      | Killed Frank's ghost
  9670 | D:6      | Reached ** piety under Okawaru
 10718 | D:8      | Reached skill level 14 in Maces & Flails
 10791 | D:8      | Noticed Prince Ribbit
 10795 | D:8      | Noticed Lovchig's ghost (novice DDFi)
 10814 | D:7      | HP: 2/70 [bullfrog (3)]
 11171 | D:8      | Noticed Joseph
 11205 | D:8      | Killed Joseph
 11368 | D:8      | Noticed Pikel
 11415 | D:7      | Killed Pikel
 11415 | D:7      | Reached skill level 5 in Fighting
 11708 | D:8      | Found a sparkling altar of Nemelex Xobeh.
 12499 | D:8      | Killed Prince Ribbit
 12772 | D:9      | Reached XP level 11. HP: 74/83 MP: 11/11
 13364 | D:9      | Found a staircase to the Lair.
 13472 | D:9      | Identified the Disquisition on Fiery Dislocation
 13491 | D:9      | Found a stormy altar of Qazlal.
 13540 | D:9      | Found a shimmering altar of Xom.
 13885 | D:10     | Entered Level 10 of the Dungeon
 14040 | D:10     | Noticed Fannar
 14552 | D:10     | Killed an unseen horror
 14558 | D:10     | Slain by an unseen horror

Skill      XL: |  1  2  3  4  5  6  7  8  9 10 11 |
---------------+----------------------------------+-----
Maces & Flails | 3 4 5 6 8 10 12 14 | 14.0
Fighting       | 6 8 |  8.8
Armour         | |  3.0
Shields        | |  3.0

Action                   |  1- 3 |  4- 6 |  7- 9 | 10-12 || total
-------------------------+-------+-------+-------+-------++-------
Melee: Flail             |    67 |   161 |   336 |     2 ||   566
       Mace              |       |       |   257 |   575 ||   832
Throw: Tomahawk          |       |       |     3 |     5 ||     8
Invok: Heroism           |       |       |     4 |    30 ||    34
  Use: Scroll            |     2 |     1 |     6 |     8 ||    17
       Potion            |       |     2 |     6 |     1 ||     9
 Stab: Invisible         |       |       |     4 |       ||     4
       Paralysed         |       |       |     3 |       ||     3
  Eat: Chunk             |       |     5 |     6 |     9 ||    20
       Ration            |       |       |     8 |     5 ||    13
Armor: Scale mail        |    40 |    90 |   174 |   184 ||   488
       Skin              |       |     8 |     6 |       ||    14
Dodge: Dodged            |    19 |    65 |   127 |   133 ||   344
Block: Shield            |    28 |   107 |   226 |   230 ||   591
